Map: 瑟拉斯遺跡

Players

Fist

  • Race: Zerg Zerg

Rex - Winner!

  • Race: Zerg Zerg
  • League: Grandmaster

Event: 2016 WCS Winter Challenger Taiwan

VOD

Have the link to the VOD?

Description

Time

  • Played on: Jan. 9, 2016, 8:11 a.m.
  • Length: 7:53

All games in this series

Show
View Real Time Build Order
Export as new Build Order

Fist Zerg 

Build Orders: Hatch First 

Get SALT Encoding   

  12  0:00  Drone  
  13  0:13  Overlord  
  13  0:18  Drone  
  14  0:31  Drone x2  
  16  0:36  Drone  
  17  0:54  Hatchery  
  16  1:07  Spawning Pool  
  16  1:09  Drone  
  16  1:14  Drone  
  16  1:15  Extractor  
  16  1:19  Drone  
  17  1:34  Drone x2  
  19  1:44  Overlord  
  19  1:53  Drone  
  20  1:56  Queen  
  22  2:04  Drone  
  22  2:06  Queen  
  22  2:08  Drone  
  26  2:15  Metabolic Boost  
  26  2:17  Zergling x2  
  26  2:18  Drone  
  28  2:25  Drone  
  28  2:29  Drone  
  30  2:36  Baneling Nest  
  29  2:40  Drone  
  29  2:41  Spine Crawler  
  29  2:44  Drone  
  29  2:49  Drone  
  29  2:51  Zergling x2  
  32  2:57  Overlord  
  32  3:00  Drone  
  34  3:12  Drone  
  34  3:13  Drone x2  
  35  3:24  Overlord  
  35  3:26  Zergling x2  
  40  3:27  Zergling x8  
  40  3:33  Lair  
  40  3:36  Drone  
  40  3:40  Drone  
  42  3:46  Drone  
  43  3:48  Extractor  
  43  3:49  Extractor  
  43  3:51  Drone x4  
  45  4:02  Overlord  
  45  4:03  Baneling  
  45  4:05  Extractor  
  45  4:06  Drone x4  
  48  4:32  Zergling x10  
  48  4:33  Zergling x4  
  48  4:34  Baneling x3  
  55  4:40  Spire, Drone x2  
  55  4:41  Hatchery  
  55  4:46  Drone x2  
  55  5:05  Drone  
  55  5:06  Drone x4  
  57  5:22  Zergling x4  
  57  5:23  Zergling x2  
  57  5:27  Baneling x4  
  60  5:31  Overlord  
  60  5:33  Overlord  
  59  5:47  Zergling x2  
  59  5:50  Overlord  
  59  5:58  Mutalisk x7  
  59  6:00  Mutalisk  
  67  6:07  Mutalisk  
  67  6:08  Zergling x4  
  70  6:13  Queen  
  70  6:15  Zergling x6  
  74  6:23  Extractor  
  72  6:27  Mutalisk x2  
  75  6:39  Overlord x4  
  75  6:48  Extractor x2, Spore Crawler  
  75  6:49  Spore Crawler  
  75  6:53  Overlord  
  71  6:59  Drone x7  
  78  7:01  Queen  
  72  7:17  Zergling x16  
Show
View Real Time Build Order
Export as new Build Order

Rex Zerg - Winner!

Build Orders: Hatch First 

Get SALT Encoding   

  12  0:01  Drone  
  13  0:08  Drone  
  14  0:18  Overlord  
  14  0:24  Drone, Extractor  
  15  0:36  Drone x2  
  17  0:54  Hatchery  
  17  0:56  Drone  
  17  1:01  Extractor  
  17  1:02  Drone  
  17  1:16  Spawning Pool  
  17  1:18  Drone  
  17  1:22  Drone  
  18  1:30  Drone  
  19  1:39  Overlord  
  19  1:52  Drone  
  20  2:00  Drone  
  21  2:03  Queen  
  21  2:06  Queen  
  21  2:08  Metabolic Boost  
  25  2:13  Drone  
  26  2:16  Drone  
  26  2:18  Drone  
  28  2:23  Drone  
  29  2:30  Baneling Nest  
  29  2:32  Drone  
  29  2:33  Drone  
  30  2:38  Zergling x2  
  31  2:50  Zergling x2  
  32  2:51  Drone  
  32  2:53  Overlord  
  33  2:59  Drone  
  33  3:00  Lair  
  33  3:03  Drone  
  35  3:13  Drone x2  
  35  3:14  Drone  
  35  3:15  Drone  
  35  3:16  Drone  
  35  3:18  Drone  
  35  3:19  Drone  
  42  3:20  Drone, Extractor  
  42  3:23  Drone  
  43  3:29  Overlord  
  43  3:30  Spine Crawler  
  43  3:33  Baneling x2  
  42  3:34  Drone  
  42  3:38  Drone  
  42  3:40  Extractor  
  42  3:41  Extractor  
  42  3:43  Drone  
  42  3:46  Overlord  
  42  3:48  Drone  
  43  3:49  Drone  
  43  3:51  Zergling x2  
  43  3:55  Drone  
  46  3:56  Overlord, Drone  
  46  3:59  Zergling x2  
  48  4:05  Zergling x2  
  48  4:06  Zergling x2  
  50  4:11  Baneling  
  50  4:12  Baneling  
  50  4:14  Zergling x2  
  51  4:19  Spire  
  51  4:20  Zergling x2  
  51  4:22  Zergling x4  
  53  4:26  Drone x2  
  53  4:30  Drone x3  
  58  4:32  Drone  
  58  4:35  Drone  
  60  4:40  Drone  
  60  4:44  Overlord  
  60  4:55  Hatchery  
  59  5:04  Zergling x10  
  59  5:06  Overlord  
  62  5:29  Baneling x2  
  62  5:34  Mutalisk x4  
  62  5:35  Mutalisk  
  70  5:37  Zerg Flyer Armor Level 1  
  70  5:48  Mutalisk x3  
  75  5:56  Mutalisk  
  75  6:05  Mutalisk  
  75  6:08  Queen  
  75  6:11  Zergling x18  
  82  6:13  Zergling x4  
  89  6:20  Overlord x2, Extractor  
  89  6:22  Extractor  
  89  6:24  Spore Crawler x2  
  85  6:27  Mutalisk  
  85  6:28  Spore Crawler  
  85  6:36  Spore Crawler  
  85  6:38  Mutalisk x2  
  88  6:41  Drone x3  
  91  6:49  Drone  
  91  6:51  Drone x2  
  94  6:54  Mutalisk x2  
  94  7:01  Overlord x2  
  95  7:19  Mutalisk  
  95  7:20  Mutalisk x2  
  101  7:23  Drone  
  96  7:38  Drone x6  
Tags
 
Add a new tag
Caveats
  • Supply blocks, unpowered buildings, or Contaminate may cause inaccurate times.
  • Supply counts are checked every 10 seconds.